 Dungeon Crawl Stone Soup version 0.24-a0-517-gd52e2fb918 (webtiles) character file.

Game seed: 3190501249891092110

251 Goblin1989 the Chopper (level 5, -2/28 HPs)
             Began as a Demonspawn Chaos Knight on July 22, 2019.
             Was a Plaything of Xom.
             Slain by a bullfrog zombie (6 damage)
             ... on level 4 of the Dungeon on July 23, 2019.
             The game lasted 00:11:36 (3203 turns).

Goblin1989 the Chopper (Demonspawn Chaos Knight)    Turns: 3203, Time: 00:11:37

Health: -2/28      AC:  5    Str: 14 (18) XL:     5   Next: 88%
Magic:  5/5        EV: 11    Int: 11 (14) God:    Xom [.*....]
Gold:   145        SH:  0    Dex:  8 (12) Spells: 4/4 levels left

rFire    . . .     SeeInvis .   a - +0 hand axe (chaos)
rCold    . . .     Gourm    .   (no shield)
rNeg     . . .     Faith    .   b - +2 leather armour
rPois    .         Spirit   .   (no helmet)
rElec    .         Reflect  .   (no cloak)
rCorr    .         Harm     .   (no gloves)
MR       .....                  (no boots)
Stlth    +.........             (no amulet)
HPRegen  0.09/turn              t - +5 ring of strength
MPRegen  0.09/turn              (no ring)

@: no status effects
A: deterioration 1, frail 3, powered by death 1, powered by pain 2, subdued
magic 1
a: Renounce Religion


You were on level 4 of the Dungeon.
You worshipped Xom.
You were a plaything of Xom.
You were not hungry.

You visited 1 branch of the dungeon, and saw 4 of its levels.

You collected 145 gold pieces.

Inventory:

Hand Weapons
 a - a +0 hand axe of chaos (weapon)
 r - a +0 trident of piercing
Missiles
 v - 22 poisoned darts (quivered)
Armour
 b - a +2 leather armour (worn)
 m - a +0 cloak
Jewellery
 t - a +5 ring of strength (left hand)
Scrolls
 f - 2 scrolls of teleportation {unknown}
 g - 4 scrolls of fear {unknown}
 k - a scroll of amnesia {unknown}
 l - 5 scrolls of identify {unknown}
 n - 3 scrolls of remove curse {unknown}
 p - a scroll of blinking {unknown}
 u - a scroll of immolation {unknown}
Comestibles
 e - 7 rations


   Skills:
 - Level 3.0 Fighting
 + Level 6.1 Axes
 - Level 1.7 Armour
 - Level 0.8 Dodging


You had 4 spell levels left.
You didn't know any spells.
Your spell library was empty.

Dungeon Overview and Level Annotations

Branches:
Dungeon (4/15)
 Temple: D:4-7

Altars:
Xom


Innate Abilities, Weirdness & Mutations

You regenerate a little health from kills.
You sometimes gain power by taking damage.
Your body sometimes deteriorates upon taking damage.
You are extremely frail. (-30% HP)
Your spells are a little easier to cast, but a little less powerful.


Message History

Press ? for a list of commands and other information.
Saving game... please wait.
Welcome back, Goblin1989 the Demonspawn Chaos Knight.
Xom snickers.
Press ? for a list of commands and other information.
Saving game... please wait.
Welcome back, Goblin1989 the Demonspawn Chaos Knight.
Xom snickers.
Press ? for a list of commands and other information.
Saving game... please wait.
Welcome back, Goblin1989 the Demonspawn Chaos Knight.
Xom titters.
Press ? for a list of commands and other information.
Saving game... please wait.
Welcome back, Goblin1989 the Demonspawn Chaos Knight.
Xom snickers.
Press ? for a list of commands and other information.
Unknown command.
Saving game... please wait.
Welcome back, Goblin1989 the Demonspawn Chaos Knight.
Xom snickers.
Press ? for a list of commands and other information.
Saving game... please wait.
Welcome back, Goblin1989 the Demonspawn Chaos Knight.
Xom titters.
Press ? for a list of commands and other information.
Saving game... please wait.
Welcome back, Goblin1989 the Demonspawn Chaos Knight.
Xom snickers.
Press ? for a list of commands and other information.
Unknown command.
Saving game... please wait.
Welcome back, Goblin1989 the Demonspawn Chaos Knight.
Xom snickers.
Press ? for a list of commands and other information.
Saving game... please wait.
Welcome back, Goblin1989 the Demonspawn Chaos Knight.
Xom snickers.
Press ? for a list of commands and other information.
Unknown command.
Char dumped successfully.
Saving game... please wait.
Welcome back, Goblin1989 the Demonspawn Chaos Knight.
Xom snickers.
Press ? for a list of commands and other information.
A scorpion comes into view.
Press: ? - help, v - describe, . - travel, g - get item 5 javelins.
The floor.
The orc priest shouts!
The orc priest invokes the aid of Beogh against you.
Beogh smites you!
You take 12 damage, and have 16/28 hp.
MASSIVE DAMAGE!!
The orc priest begins to cast a cantrip, but forgets the words!
The orc priest looks encouraged for a moment.
There is a stone staircase leading up here. "Whee!"
You stop ascending the stairs.
Your surroundings suddenly seem different.
An orc comes into view. It is wielding a +0 flail.
Unknown command.
The orc priest mumbles some strange prayers to Beogh against you.
Beogh smites you!
* * * LOW HITPOINT WARNING * * *
You take 10 damage, and have 6/28 hp.
MASSIVE DAMAGE!!
You don't know any spells.
A bullfrog zombie comes into view.
You see here 22 poisoned darts.
v - 22 poisoned darts "Forecast: mostly cloudy."
You are now a favourite toy of Xom.
It was a potion of degeneration.
There was something very wrong with that liquid.
You feel weakened.
You feel dopey.
You feel clumsy.
It was a potion of cancellation.
You feel magically purged.
The orc throws a boomerang.
The boomerang closely misses you.
The weapon returns to the orc!
You hit the orc priest. You freeze the orc priest.
The orc priest is moderately wounded.
The orc priest closely misses you.
The orc throws a boomerang.
The boomerang hits you.
* * * LOW HITPOINT WARNING * * *
The weapon returns to the orc!
You take 1 damage, and have 6/28 hp.
You hit the orc priest.
The orc priest is severely wounded.
You hit the bullfrog zombie.
Xom's power touches on a nearby monster.
The orc evaporates and reforms as a bat!
You are now a plaything of Xom.
The bullfrog zombie hits you.
* * * LOW HITPOINT WARNING * * *
The bat barely misses you. The orc priest closely misses you.
You take 2 damage, and have 4/28 hp.
You hit the orc priest.
The orc priest is almost dead.
You hit the bullfrog zombie.
The bullfrog zombie seems to slow down.
You miss the bat. The bat hits you but does no damage.
The bullfrog zombie hits you.
You die...

..█
.█.!██............██
..█ █.
█o██.████..███ ...
█.. █.██.█ ..█
.█.██..██.██.████
... ..(█............
.... ......$)....█
█.█. .███b███.█..█
.█ ███§§o.....█
█.§§@██.█.██
█.██Z██?█... █
█§██.█ ███ █§██.█
█.█... █..... █.█ ..


█Z█ ... You could see an orc priest, a bullfrog zombie and a bat.

Vanquished Creatures
  A sky beast (D:2)
  A hound (D:3)
  2 orc priests
  4 adders
  3 worms
  A dart slug (D:3)
  5 orcs
  8 bats
  2 giant cockroaches
  2 goblins
  6 hobgoblins
  8 kobolds
  4 frilled lizards
  6 rats
  2 plants (D:3)
55 creatures vanquished.

Vanquished Creatures (others)
  A fire vortex (D:3)
1 creature vanquished.

Grand Total: 56 creatures vanquished

Notes
Turn   | Place    | Note
-------+----------+-------------------------------------------
     0 | D:1      | Goblin1989 the Demonspawn Chaos Knight began the quest for
                  | the Orb.
     0 | D:1      | Reached XP level 1. HP: 18/18 MP: 1/1
    99 | D:1      | Reached skill level 3 in Axes
   232 | D:1      | Upgraded the game from 0.24-a0-516-g9de272bb65 to
                  | 0.24-a0-517-gd52e2fb918
   232 | D:1      | Goblin1989: !hs goblin1989
   232 | D:1      | meem: 2974. Goblin1989 the Slayer (L27 DsFi of Gozag),
                  | escaped with the Orb and 15 runes on 2016-10-23 02:08:02,
                  | with 15964699 points after 98135 turns and 9:57:34.
   337 | D:1      | Gained mutation: You sometimes gain a little power by
                  | taking damage. [demonic ancestry]
   337 | D:1      | Reached XP level 2. HP: 23/24 MP: 2/2
   952 | D:2      | XOM: divination: detect creatures
  1091 | D:2      | Reached XP level 3. HP: 23/29 MP: 3/3
  1194 | D:2      | XOM: silly message
  1350 | D:2      | XOM: enchant monster (good)
  1377 | D:2      | Reached skill level 4 in Axes
  1488 | D:2      | Gained mutation: You sometimes gain power by taking damage.
                  | [demonic ancestry]
  1488 | D:2      | Reached XP level 4. HP: 23/35 MP: 4/4
  1738 | D:3      | XOM: silly message
  1748 | D:3      | XOM: potion effect (agility)
  1909 | D:3      | Reached skill level 5 in Axes
  2071 | D:3      | Noticed a sky beast
  2075 | D:3      | XOM: enchant monster (bad)
  2082 | D:3      | Gained mutation: You regenerate a little health from kills.
                  | [demonic ancestry]
  2082 | D:3      | Reached XP level 5. HP: 33/41 MP: 5/5
  2103 | D:2      | XOM: summons 5 friendly demons
  2119 | D:2      | Killed a sky beast
  2207 | D:2      | XOM: severe Chrm miscast
  2235 | D:2      | Gained mutation: Your muscles are strong. (Str +2)
                  | [mutagenic glow]
  2240 | D:2      | XOM: noise
  2251 | D:2      | XOM: give mutations
  2251 | D:2      | Lost mutation: Your muscles are strong. (Str +2) [Xom's
                  | mischief]
  2251 | D:2      | Gained mutation: You are frail. (-10% HP) [Xom's mischief]
  2251 | D:2      | Gained mutation: Your body sometimes deteriorates upon
                  | taking damage. [Xom's mischief]
  2251 | D:2      | Gained mutation: You are very frail. (-20% HP) [Xom's
                  | mischief]
  2258 | D:2      | XOM: smoke on damage
  2258 | D:2      | Gained mutation: You are extremely frail. (-30% HP)
                  | [mutagenic glow]
  2289 | D:2      | Gained mutation: Your spells are a little easier to cast,
                  | but a little less powerful. [mutagenic glow]
  2311 | D:3      | Reached skill level 6 in Axes
  2410 | D:3      | XOM: butterfly on damage
  3017 | D:3      | XOM: harmless Hex miscast
  3144 | D:4      | XOM: enchant monster (good)
  3148 | D:3      | XOM: scenery: create altars
  3191 | D:4      | XOM: 1-stop teleportation journey
  3197 | D:4      | XOM: fog
  3202 | D:4      | XOM: polymorph orc -> bat
  3203 | D:4      | Slain by a bullfrog zombie

Levels and vault maps discovered:
D:1:      dpeg_arrival_arbitrary_a, layout_basic
D:2:      layout_rooms, minmay_misc_feat_pillars
D:3:      layout_loops_cross, first_ration, serial_bayou, serial_bayou_pond_a,
          serial_bayou_lagoon_a, serial_bayou_pond_e, serial_bayou_pond_e
D:4:      layout_loops_ring, uniq_grinder

Skill      XL: |  1  2  3  4  5 |
---------------+----------------+-----
Axes           | 3 4 5 6 |  6.1
Fighting       | |  3.0
Armour         | |  1.7
Dodging        | |  0.8

Action                   |  1- 3 |  4- 6 || total
-------------------------+-------+-------++-------
Melee: Hand axe          |   108 |   103 ||   211
  Use: Potion            |       |     2 ||     2
 Stab: Sleeping          |     1 |     1 ||     2
  Eat: Chunk             |     2 |     5 ||     7
Armor: Leather armour    |    39 |    27 ||    66
Dodge: Dodged            |    60 |    54 ||   114

Table legend:
 A = Non-vault XP
 B = Vault XP
 C = Vault XP percentage of total XP
 D = Non-vault monster count
 E = Vault monster count
 F = Vault count percentage of total count
                 A         B        C        D         E       F
            +---------+---------+-------+---------+---------+-------
      Total |     359 |       0 |   0.0 |      53 |       0 |   0.0
            +---------+---------+-------+---------+---------+-------
        D:1 |      20 |       0 |   0.0 |      14 |       0 |   0.0
        D:2 |     172 |       0 |   0.0 |      18 |       0 |   0.0
        D:3 |     167 |       0 |   0.0 |      21 |       0 |   0.0
            +---------+---------+-------+---------+---------+-------

Levels and vault maps discovered:
D:1:      dpeg_arrival_arbitrary_a, layout_basic
D:2:      layout_rooms, minmay_misc_feat_pillars
D:3:      layout_loops_cross, first_ration, serial_bayou, serial_bayou_pond_a,
          serial_bayou_lagoon_a, serial_bayou_pond_e, serial_bayou_pond_e
D:4:      layout_loops_ring, uniq_grinder
